 Dungeon Crawl Stone Soup version 0.28.0-47-ge53b351184 (webtiles) character file.

Game seed: 3613785232498757448

39 bobregger the Skirmisher (level 3, 0/42 HPs)
             Began as an Ogre Berserker on May 2, 2022.
             Was a Follower of Trog.
             Slain by a goblin
             ... wielding a +0 dagger
             ... led by Robin
              (5 damage)
             ... on level 2 of the Dungeon.
             The game lasted 00:01:17 (1413 turns).

bobregger the Skirmisher (Ogre Berserker)           Turns: 1413, Time: 00:01:17

Health: 0/42       AC:  3    Str: 21    XL:     3   Next: 47%
Magic:  3/3        EV: 10    Int:  8    God:    Trog [*.....]
Gold:   73         SH:  0    Dex: 10    Spells: 2/2 levels left

rFire   . . .      SeeInvis .   a - +0 mace
rCold   . . .      Faith    .   (no shield)
rNeg    . . .      Spirit   .   b - +0 animal skin
rPois   .          Reflect  .   (helmet restricted)
rElec   .          Harm     .   (no cloak)
rCorr   .          Rampage  .   (gloves unavailable)
Will    .....                   (boots unavailable)
Stlth   +.........              (no amulet)
HPRegen 0.14/turn               (no ring)
MPRegen 0.08/turn               (no ring)

@: on berserk cooldown, slowed, very slow
A: large, unfitting armour, tough skin 1
a: Renounce Religion, Berserk


You were on level 2 of the Dungeon.
You worshipped Trog.
Trog was aware of your devotion.
You visited 1 branch of the dungeon, and saw 2 of its levels.

You collected 73 gold pieces.

Inventory:

Hand Weapons
 a - a +0 mace (weapon)
Armour
 b - a +0 animal skin (worn)
Scrolls
 c - a scroll of torment {unknown}
 e - a scroll of immolation {unknown}
 i - a scroll of blinking {unknown}
 j - 2 scrolls of identify {unknown}
 k - a scroll of holy word {unknown}
Potions
 d - a potion of invisibility {unknown}
 f - a potion of might {unknown}
 g - a potion of curing {unknown}
 h - a potion of heal wounds {unknown}


   Skills:
 + Level 5.0 Fighting
 + Level 3.4 Maces & Flails
 - Level 2.6 Dodging


You had 2 spell levels left.
You didn't know any spells.
Your spell library was empty.

Dungeon Overview and Level Annotations

Branches:
Dungeon (2/15)

Altars:

Shops:
D:1 *

Annotations:
D:2 Robin


Innate Abilities, Weirdness & Mutations

You are too large for most types of armour.
You have tough skin. (AC +1)


Message History

Robin throws the goblin at you!
A goblin comes into view. It is wielding a +0 dagger.
The goblin hits you with a +0 dagger.
* * * LOW HITPOINT WARNING * * *
Your Fighting skill increases to level 5!
You closely miss the goblin.
The goblin shouts!
The goblin closely misses you. The goblin barely misses you.
You hit the goblin.
You kill the goblin!
Trog accepts your kill.
Robin roars a battlecry!
The hobgoblin goes into a battle-frenzy!
You sock the goblin!
You kill the goblin!
Trog accepts your kill. The goblin hits you with a +0 dagger.
* * * LOW HITPOINT WARNING * * *
You thump the hobgoblin!
You kill the hobgoblin!
Trog accepts your kill. Robin throws the goblin at you!
The goblin hits you with a +0 dagger.
* * * LOW HITPOINT WARNING * * *
The goblin hits you but does no damage.
You closely miss the goblin. The goblin completely misses you.
The goblin hits you but does no damage.
You barely miss the goblin.
The goblin no longer looks unusually strong.
Robin roars a battlecry!
The goblin goes into a battle-frenzy!
The goblin misses you.
You barely miss the goblin.
You are no longer berserk.
You are exhausted.
You feel yourself slow down. The goblin hits you with a +0 dagger.
* * * LOW HITPOINT WARNING * * *
You hit the goblin.
The goblin is moderately wounded.
The goblin hits you with a +0 dagger.
You die...

#........#
#........#
#####'#### #
#.#####...
#.........
#g#####.###. #..#
#g# ###..#..## #g#
... ..... #@#
#.####.###.#. #g#
#.....#...#.. #.#
#.## #8.⌠..#. #.#
#..####..⌠.#. #.#
#..#8#_#...#. #.#
#.#...#∩#8#.. #.#
#.#.⌠..#####.
###'####.#..⌠.8#.##.
#.........#...#..##.


You could see Robin, a hobgoblin (strong) and 2 goblins.

Vanquished Creatures
  A dart slug (D:1)
  2 ball pythons
  2 bats
  5 endoplasms
  A giant cockroach (D:1)
  6 goblins
  5 hobgoblins
  3 kobolds
  A quokka (D:1)
  4 frilled lizards
  2 rats (D:1)
32 creatures vanquished.

Vanquished Creatures (others)
  2 plants (D:1)
2 creatures vanquished.

Grand Total: 34 creatures vanquished

Notes
Turn   | Place    | Note
-------+----------+-------------------------------------------
     0 | D:1      | bobregger the Ogre Berserker began the quest for the Orb.
     0 | D:1      | Reached XP level 1. HP: 24/24 MP: 1/1
    95 | D:1      | Found Lygouske's Assorted Antiques.
   223 | D:1      | Reached XP level 2. HP: 33/33 MP: 2/2
  1100 | D:2      | Reached XP level 3. HP: 40/40 MP: 3/3
  1138 | D:2      | Found a faded altar of an unknown god.
  1381 | D:2      | Noticed Robin
  1406 | D:2      | Reached skill level 5 in Fighting
  1413 | D:2      | Slain by a goblin

Illustrated notes

Levels and vault maps discovered:
D:1:      amcnicky_arrival_single_pillar, layout_loops_ring, serial_shops,
          nicolae_shop_trees, serial_bayou_pond_c, bh_walls_and_bars
D:2:      layout_basic, shapermc_ecumenical_altar_venn,
          minmay_misc_feat_hallway, kennysheep_doodads, uniq_robin

Skill      XL: |  1  2  3 |
---------------+----------+-----
Maces & Flails | 3 |  3.4
Fighting       | 5 |  5.0
Dodging        | |  2.6

Action                   || total
-------------------------++-------
Melee: Mace              ||    97
       Punch             ||     1
Invok: Berserk           ||     1
Armor: Animal skin       ||    39
Dodge: Dodged            ||    63
